 Dungeon Crawl Stone Soup version 0.28.0 (webtiles) character file.

Game seed: 10493192027332154459

756 bande the Chopper (level 7, -11/44 HPs)
             Began as a Gargoyle Fighter on Feb 12, 2022.
             Mangled by an ogre (18 damage)
             ... on level 5 of the Dungeon.
             The game lasted 00:09:50 (5417 turns).

bande the Chopper (Gargoyle Fighter)                Turns: 5417, Time: 00:09:51

Health: -11/44     AC: 15    Str: 20    XL:     7   Next: 79%
Magic:  7/7        EV:  7    Int:  8    God:
Gold:   192        SH:  5    Dex: 11    Spells: 6/6 levels left

rFire   . . .      SeeInvis .   a - +1 war axe
rCold   . . .      Faith    .   c - +0 buckler
rNeg    + . .      Spirit   .   e - +0 chain mail
rPois   ∞          Reflect  .   (no helmet)
rElec   +          Harm     .   (no cloak)
rCorr   .          Rampage  .   (no gloves)
Will    .....                   i - +0 pair of boots
Stlth   ..........              (no amulet)
HPRegen 0.14/turn               (no ring)
MPRegen 0.10/turn               (no ring)

@: no status effects
A: sickness immunity, AC +4, negative energy resistance 1, electricity
resistance, torment resistance 1, petrification resistance
a: no special abilities


You were on level 5 of the Dungeon.
You visited 1 branch of the dungeon, and saw 5 of its levels.

You collected 192 gold pieces.

Inventory:

Hand Weapons
 a - a +1 war axe (weapon)
 f - a +0 flail
 m - a +0 war axe
Missiles
 h - a throwing net (quivered)
Armour
 c - a +0 buckler (worn)
 e - a +0 chain mail (worn)
 i - a +0 pair of boots (worn)
Wands
 o - a wand of flame (28)
Scrolls
 l - a scroll of fear
Potions
 b - a potion of berserk rage
 d - 2 potions of might
 g - 3 potions of cancellation
 j - a potion of invisibility
 k - a potion of heal wounds


   Skills:
 + Level 5.0 Fighting
 + Level 5.8 Axes
 + Level 5.0 Armour
 + Level 0.5 Stealth
 + Level 4.4 Shields


You had 6 spell levels left.
You didn't know any spells.
Your spell library was empty.

Dungeon Overview and Level Annotations

Branches:
Dungeon (5/15)
 Temple: D:4-7

Altars:
Sif Muna
Xom

Shops:
D:2 ![


Innate Abilities, Weirdness & Mutations

You are immune to sickness and miasma.
Your stone body is resilient. (AC +4)
You are immune to poison.
You resist negative energy. (rN+)
You are resistant to electric shocks. (rElec)
You are resistant to unholy torment.
You are immune to petrification.


Message History

You start resting.
The orc priest sings a few bars from the Orcish anthem.
The orc priest complains to no one in particular.
The shadow imp puffs mist at you.
You start resting.
The shadow imp lashes its tail.
The shadow imp grins evilly.
The shadow imp lashes its tail.
The shadow imp picks up a beetle and eats it.
HP restored.
You start waiting.
The shadow imp shouts, "Begone, thou foisting spleeny bum-bailey!"
The shadow imp lashes its tail.
The shadow imp summons a swarm of flies.
The shadow imp puffs mist at you.
The shadow imp shouts, "Crawl home, thou grime-gilt sheep-biting toady!"
The shadow imp lashes its tail.
Done waiting.
You climb downwards.
The ogre hits you with a +0 giant club!
There is a stone staircase leading up here.
You hit the ogre.
The ogre is moderately wounded.
The ogre hits you with a +0 giant club!
You hit the ogre but do no damage.
The ogre is lightly wounded.
The ogre closely misses you.
You hit the ogre.
The ogre is moderately wounded.
The ogre hits you but does no damage.
You slash the ogre!
The ogre is severely wounded.
The ogre hits you with a +0 giant club!!
* * * LOW HITPOINT WARNING * * *
You hit the ogre but do no damage.
The ogre is severely wounded.
The ogre completely misses you.
You hit the ogre.
The ogre is almost dead.
The ogre hits you with a +0 giant club!!
You die...

........#.## # #########
.........#?## ........#
...........
........######+#.......#
...................##.###
.......O.............>...
........##.#####....#.###
........##O##.......# #
..###...##@##.#.#.#.# #
###.##### #....... ...
###..#..# .## #....... .
###.#+### ..


You could see an ogre.

Vanquished Creatures
  Eustachio (D:4)
  An ogre (D:4)
  A necrophage (D:4)
  A scorpion (D:4)
  A hound (D:4)
  2 jellies (D:5)
  Natasha (thrice) (D:4)
  An orc wizard (D:3)
  A howler monkey zombie (D:4)
  4 gnolls
  5 adders
  A worm (D:2)
  2 dart slugs (D:2)
  12 orcs (D:3)
  8 endoplasms
  A giant cockroach (D:1)
  9 goblins
  4 hobgoblins
  A quokka (D:1)
  6 ball pythons
  9 bats
  7 frilled lizards
  12 kobolds
  4 rats
  A spectral kobold (D:2)
98 creatures vanquished.

Vanquished Creatures (others)
  A plant (D:4)
1 creature vanquished.

Grand Total: 99 creatures vanquished

Notes
Turn   | Place    | Note
-------+----------+-------------------------------------------
     0 | D:1      | bande the Gargoyle Fighter began the quest for the Orb.
     0 | D:1      | Reached XP level 1. HP: 14/14 MP: 1/1
   213 | D:1      | Reached XP level 2. HP: 17/19 MP: 2/2
   285 | D:1      | You fall into a shaft and drop 1 floor!
   322 | D:2      | Found a faded altar of an unknown god.
   510 | D:2      | Found Misy's Distillery.
   578 | D:2      | Found Abra's Antique Armour Boutique.
   730 | D:1      | Reached XP level 3. HP: 23/23 MP: 3/3
  1358 | D:2      | Reached XP level 4. HP: 23/29 MP: 4/4
  2174 | D:3      | Reached XP level 5. HP: 29/33 MP: 5/5
  3205 | D:4      | Noticed Natasha
  3212 | D:4      | Killed Natasha
  3213 | D:4      | Reached XP level 6. HP: 38/38 MP: 6/6
  3438 | D:4      | Noticed a necrophage
  3449 | D:4      | Killed a necrophage
  3626 | D:4      | Found a transporter.
  3671 | D:4      | Noticed Natasha
  3679 | D:4      | Killed Natasha
  3680 | D:4      | Reached skill level 5 in Axes
  3680 | D:4      | Reached XP level 7. HP: 31/44 MP: 7/7
  3747 | D:4      | Noticed Natasha
  3758 | D:4      | Killed Natasha
  3917 | D:4      | Found a transporter.
  4013 | D:4      | Found a shimmering blue altar of Sif Muna.
  4025 | D:4      | Found a shimmering altar of Xom.
  4025 | D:4      | Noticed Eustachio
  4060 | D:4      | Killed Eustachio
  5037 | D:5      | Entered Level 5 of the Dungeon
  5190 | D:4      | Reached skill level 5 in Fighting
  5190 | D:4      | Reached skill level 5 in Armour
  5417 | D:5      | Mangled by an ogre

Illustrated notes

Levels and vault maps discovered:
D:1:      dpeg_arrival_boxorama, layout_rooms, minmay_tetromino_l2
D:2:      kennysheep_six_static_rooms, layout_loops_ring, serial_shops,
          nicolae_shop_trees, shop, dreamdust_ecumenical_altar_drowned_temple,
          hangedman_decor_clover_reticule
D:3:      layout_rooms
D:4:      gammafunk_wand_slinger, layout_basic, kennysheep_mini,
          kennysheep_little_box, glass_columns_a, corexii_shack, uniq_natasha,
          uniq_eustachio
D:5:      layout_basic, serial_glass, glass_columns_a, glass_columns_b

Skill      XL: |  1  2  3  4  5  6  7 |
---------------+----------------------+-----
Axes           | 2 3 4 5 |  5.8
Armour         | 4 5 |  5.0
Shields        | 4 |  4.4
Fighting       | 4 5 |  5.0
Stealth        | |  0.5

Action                   |  1- 3 |  4- 6 |  7- 9 || total
-------------------------+-------+-------+-------++-------
Melee: War axe           |   112 |   174 |    66 ||   352
  Use: Scroll            |       |    10 |     2 ||    12
Armor: Chain mail        |    69 |   108 |    69 ||   246
       Scale mail        |     6 |       |       ||     6
Dodge: Dodged            |    55 |    77 |    42 ||   174
Block: Buckler           |    18 |    34 |    12 ||    64
